Cogmind - Beta 17.1 @@@ ROGUE MODE // 2026.09.16 @ 02:08:50 Player: 4R-ZE3 Result: Self-destructed Performance ------------- Evolutions (2) 1000 Regions Visited (6) 1200 Robots Destroyed (51) 255 Value Destroyed (1646) 1646 Prototype IDs (4) 80 Alien Tech Used (0) 0 Bonus (971) 971 TOTAL SCORE: 5152 Bonus ------- Follower Combat Kills 271 Entered Garrisons 200 Used RIF Installer 500 Cogmind --------- Core Integrity 550/550 Matter 237/300 Energy 280/280 System Corruption 0% Temperature Cool (0) Movement Treading (320) Ox2 Location -8/Materials Parts ------- > --- POWER (1) -------- Heavy Ion Engine > --- PROPULSION (2) --- Light Treads Light Treads > --- UTILITY (3) ------ Improved Heat Sink Huge Storage Unit Targeting Computer > --- WEAPON (5) ------- Assault Cannon Assault Cannon Assault Cannon > --- INVENTORY (25) --- Ion Engine Light Treads Light Treads Light Treads Light Treads Improved Treads Heat Sink Structural Scanner Experimental Sensor Array Medium Armor Plating Medium Armor Plating Medium Armor Plating Medium Armor Plating Medium Armor Plating Relay Coupler [NC] (21) Medium Laser Beam Rifle Beam Rifle Beam Rifle Assault Rifle Light Cannon Light Cannon Assault Cannon Rocket Launcher Makeshift Spear Peak State ------------ > --- POWER ------------ Heavy Ion Engine > --- PROPULSION ------- Light Treads Light Treads > --- UTILITY ---------- Improved Heat Sink Huge Storage Unit Targeting Computer > --- WEAPON ----------- Assault Cannon Assault Cannon Assault Cannon > --- INVENTORY -------- Ion Engine Light Treads Light Treads Light Treads Light Treads Improved Treads Heat Sink Structural Scanner Experimental Sensor Array Medium Armor Plating Medium Armor Plating Medium Armor Plating Medium Armor Plating Medium Armor Plating Medium Laser Medium Laser Beam Rifle Beam Rifle Beam Rifle Assault Rifle Light Cannon Light Cannon Assault Cannon Rocket Launcher Makeshift Spear [Rating: 23] Favorites ----------- Power Light Ion Engine Engine Light Ion Engine Propulsion Light Treads Treads Light Treads Leg Aluminum Leg Wheel Wheel Utility Heat Sink Device Heat Sink Storage Huge Storage Unit Processor Targeting Computer Weapon Assault Cannon Energy Gun Medium Laser Ballistic Gun Light Assault Rifle Ballistic Cannon Assault Cannon Launcher Rocket Launcher Piercing Weapon Makeshift Spear Build | -11 -10 -10 -9 -9 -9 -8 ------- Run | Yrd Mat Min Mat Sto Gar Mat Slots Evolved 4 | . . . 2 . . 2 Power . | . . . . . . . Propulsion . | . . . . . . . Utility 1 | . . . 1 . . . Weapon 3 | . . . 1 . . 2 Parts Attached 26 | 2 9 1 9 4 1 . Power 5 | . 2 . 1 2 . . Engine 5 | . 2 . 1 2 . . Core . | . . . . . . . Reactor . | . . . . . . . Propulsion 6 | 2 2 . 2 . . . Treads 4 | 2 . . 2 . . . Leg . | . . . . . . . Wheel 2 | . 2 . . . . . Hover . | . . . . . . . Flight . | . . . . . . . Utility 6 | . 2 1 2 . 1 . Device 4 | . 1 1 1 . 1 . Storage 1 | . 1 . . . . . Processor 1 | . . . 1 . . . Hackware . | . . . . . . . Protection . | . . . . . . . Artifact . | . . . . . . . Weapon 9 | . 3 . 4 2 . . Energy Gun 3 | . 2 . 1 . . . Energy Cannon . | . . . . . . . Ballistic Gun 1 | . 1 . . . . . Ballistic Cannon 3 | . . . 1 2 . . Launcher 1 | . . . 1 . . . Special Weapon . | . . . . . . . Impact Weapon . | . . . . . . . Slashing Weapon . | . . . . . . . Piercing Weapon 1 | . . . 1 . . . Special Melee Weapon . | . . . . . . . Unidentified Prototypes 2 | . . 1 . 1 . . Parts Lost 10 | . 3 . 6 1 . . Power 5 | . 2 . 2 1 . . Propulsion 3 | . 1 . 2 . . . Utility 1 | . . . 1 . . . Weapon 1 | . . . 1 . . . Highest Loss Streak 3 | . 1 . 3 1 . . To Critical Strikes . | . . . . . . . Average Backups 17 | 6 8 14 19 24 25 . Power . | 1 1 1 . . 1 . Propulsion 3 | 4 3 3 3 4 5 . Utility 5 | . . 1 6 8 8 . Weapon 8 | 1 2 8 9 10 10 . Tool/Special . | . . . . . . . Unused Backups 36 | . 5 . 8 3 . 20 Power 1 | . . . . . . 1 Propulsion 8 | . . . 2 1 . 5 Utility 13 | . 1 . 2 2 . 8 Weapon 14 | . 4 . 4 . . 6 Tool/Special . | . . . . . . . Average Slot Usage (%) 96 | . 95 99 93 96 97 . Engine 10 | . 11 14 6 7 11 . Treads 15 | . 20 . 12 22 22 . Wheel 8 | . 6 28 8 . . . Device 11 | . 12 13 10 11 11 . Storage 12 | . 14 14 11 11 11 . Processor 6 | . . . 9 11 11 . Energy Gun 15 | . 15 28 24 4 . . Ballistic Gun 3 | . 12 . 2 . . . Ballistic Cannon 11 | . . . 3 28 30 . Peak Build Rating 23 | 6 8 16 19 22 23 . Average Rating 13 | 6 6 8 13 19 21 . On Entrance 12 | 6 6 8 9 15 21 23 Avg Prop Armor Cover (%) . | . . . . . . . Naked Turns . | . . . . . . . Heaviest Build 104 | 10 88 88 91 104 104 . Greatest Support 40 | 40 40 26 40 40 40 . Greatest Overweight (x) 3 | . 3 3 3 2 2 . Average Overweight (x) 2 | . . 3 2 2 2 . Largest Inventory Capacity 25 | 8 25 25 25 25 25 . Average Capacity 22 | 8 12 25 25 25 25 . Most Carried 25 | 6 12 15 24 25 25 . Average Carried 17 | 6 8 14 19 24 24 . Final Capacity 25 | 8 25 25 25 25 25 25 Final Carried 25 | 6 12 15 22 25 25 25 Class Distribution -------------------- 46% | Mutant 31% | Gunner 14% | Commander-Gunner 7% | Scavenger-Gunner Dominant Class ---------------- Mutant | -10/Materials Mutant | -10/Mines Gunner | -9/Materials Commander-Gunner | -9/Storage Gunner | -9/Garrison Gunner | -8/Materials Resources | -11 -10 -10 -9 -9 -9 -8 ----------- Run | Yrd Mat Min Mat Sto Gar Mat Matter Collected 1037 | 200 222 31 198 206 180 . Remotely . | . . . . . . . Salvage Created 1626 | . 368 65 575 371 247 . Parts 83 | . 20 8 22 23 10 . Haulers Intercepted 3 | . 1 . . 2 . . Recyclers Shooed . | . . . . . . . Parts Field Recycled . | . . . . . . . Retrieved Matter . | . . . . . . . Parts Self-Destructed . | . . . . . . . Prevented . | . . . . . . . Parts Restored . | . . . . . . . Kills | -11 -10 -10 -9 -9 -9 -8 ------- Run | Yrd Mat Min Mat Sto Gar Mat Combat Hostiles Destroyed 42 | . 13 5 10 6 8 . Guns 26 | . 13 5 8 . . . Cannons 11 | . . . . 3 8 . AOE 4 | . . . 1 3 . . Classes Destroyed 10 | . 3 . 5 1 1 . Builder 1 | . . . 1 . . . Hauler 3 | . 1 . . 2 . . Recycler 3 | . . . 1 2 . . Operator 1 | . . . 1 . . . Watcher 1 | . . . . 1 . . Swarmer 16 | . 8 5 . 3 . . Grunt 18 | . 5 . 6 2 5 . Duelist 1 | . . . 1 . . . Sentry 6 | . . . 3 1 2 . Programmer 1 | . . . . . 1 . Best Kill Streak 5 | . 5 3 4 3 4 . Combat Bots Only 5 | . 5 3 3 3 4 . Max Kills in Single Turn 3 | . 2 1 1 3 2 . Gunslinging 1 | . 1 . . . . . Exploded 3 | . . . 1 3 . . Melee . | . . . . . . . Uniques/NPCs Destroyed . | . . . . . . . Combat | -11 -10 -10 -9 -9 -9 -8 -------- Run | Yrd Mat Min Mat Sto Gar Mat Hostile Shots Fired 163 | . 90 11 33 11 18 . Missed 40 | . 19 3 9 2 7 . Hits 123 | . 71 8 24 9 11 . Melee 2 | . . . 2 . . . Projectile 121 | . 71 8 22 9 11 . Critical Strikes 1 | . . . 1 . . . Damage Taken 1341 | . 686 68 359 77 151 . Core 278 | . 129 33 72 10 34 . Absorbed by Shields . | . . . . . . . Core Remaining (%) 68 | 100 . 35 . . 71 . Volleys Fired 113 | . 61 8 24 8 12 . Largest 3 | . 2 2 3 3 3 . Hottest 156 | . 70 100 156 111 111 . Shots Fired 264 | . 121 16 69 22 36 . Gun 203 | . 121 16 66 . . . Cannon 59 | . . . 2 21 36 . Launcher 2 | . . . 1 1 . . Special . | . . . . . . . Kinetic 137 | . 61 . 19 21 36 . Thermal 125 | . 60 16 49 . . . Explosive 2 | . . . 1 1 . . Electromagnetic . | . . . . . . . Robot Hit Streak 19 | . 8 7 19 7 8 . Robot Miss Streak 4 | . 4 2 2 2 2 . Penetration Max . | . . . . . . . Secondary Targets 4 | . 3 1 . . . . Max Gunslinging Chain 1 | . 1 1 . . . . Shots Hit Robots 177 | . 81 11 55 14 16 . Core Hits 66 | . 22 5 20 11 8 . Critical Kills . | . . . . . . . Critical Parts Destroyed 1 | . 1 . . . . . Critical Strikes 10 | . 2 . 7 . 1 . Burn 8 | . 1 . 7 . . . Destroy 1 | . 1 . . . . . Blast 1 | . . . . . 1 . Melee Attacks 8 | . . . 8 . . . Impact . | . . . . . . . Slashing . | . . . . . . . Piercing 8 | . . . 8 . . . Sneak Attacks 2 | . . . 2 . . . Combat Hostiles . | . . . . . . . Follow-up Attacks . | . . . . . . . Damage Inflicted 2928 | . 861 152 881 525 509 . Guns 1696 | . 861 152 683 . . . Cannons 898 | . . . . 389 509 . Explosions 186 | . . . 50 136 . . Melee 148 | . . . 148 . . . Ramming . | . . . . . . . Kinetic 1427 | . 365 . 164 389 509 . Thermal 1167 | . 496 152 519 . . . Explosive 186 | . . . 50 136 . . Electromagnetic . | . . . . . . . Impact . | . . . . . . . Slashing . | . . . . . . . Piercing 148 | . . . 148 . . . Highest Corruption 2 | . . . 2 2 2 . Average Corruption 2 | . . . 2 2 2 . Corruption Purged . | . . . . . . . Corruption Blocked . | . . . . . . . Effects 19 | . . . 1 4 14 . Message Errors 3 | . . . . 1 2 . Matter Fused 3 | . . . . . 3 . Heat Flow Errors 2 | . . . . 1 1 . Energy Discharges 5 | . . . . . 5 . Data Loss (minor) 2 | . . . . 1 1 . Data Loss (major) 1 | . . . . 1 . . Misfires 2 | . . . 1 . 1 . Weapon Failures 1 | . . . . . 1 . Overload Shots . | . . . . . . . Overflow Damage 24 | . . . . . 24 . Projectiles 24 | . . . . . 24 . Explosions . | . . . . . . . Melee . | . . . . . . . Knockbacks 6 | . . . . 2 4 . Impact . | . . . . . . . Kinetic 5 | . . . . 2 3 . Secondary 1 | . . . . . 1 . Self-Inflicted Damage . | . . . . . . . Shots . | . . . . . . . Rammed . | . . . . . . . Targets Rammed . | . . . . . . . Kicked . | . . . . . . . Crushed . | . . . . . . . Highest Temperature 177 | . 52 36 177 149 80 . Average Temperature 35 | . 13 18 60 30 14 . Received Heat Transfer 429 | . 222 . 141 12 54 . Siege Activations . | . . . . . . . Martial Activations . | . . . . . . . Shielding Activations . | . . . . . . . Robots Disrupted . | . . . . . . . Combat Hostiles . | . . . . . . . Robots Corrupted . | . . . . . . . Combat Hostiles . | . . . . . . . Parts Fried . | . . . . . . . Impact Corruptions . | . . . . . . . Robots Melted 1 | . . . 1 . . . Combat Hostiles 1 | . . . 1 . . . Parts Melted 9 | . 2 1 6 . . . Heat Transferred 3710 | . 1268 444 1998 . . . Parts Sabotaged . | . . . . . . . Parts Stolen . | . . . . . . . Parts Stripped . | . . . . . . . Power Chain Reactions . | . . . . . . . Alert | -11 -10 -10 -9 -9 -9 -8 ------- Run | Yrd Mat Min Mat Sto Gar Mat Maximum Alert Level 2 | . . . . . 2 . Low Security (%) 86 | 100 100 100 100 100 25 . Level 1 9 | . . . . . 54 . Level 2 3 | . . . . . 20 . Level 3 . | . . . . . . . Level 4 . | . . . . . . . Level 5 . | . . . . . . . High Security . | . . . . . . . Max Security . | . . . . . . . Peak Influence 427 | . 135 63 85 126 427 . Initial 208 | . . 23 7 . 46 208 Average 80 | . 58 9 26 52 280 . Influence Increases 1735 | . 415 117 327 415 461 . Destroy 0b10 Robot/C 1060 | . 260 100 200 220 280 . Destroy 0b10 Robot/NC 45 | . 5 . 15 25 . . Destroy Leader 208 | . 62 10 50 76 10 . Allied During Kill 139 | . . 7 . 61 71 . Successful Hack 33 | . 12 . 17 4 . . Select Force Hacks 60 | . 60 . . . . . Disable Machine 15 | . . . 15 . . . Anti-Garrison Action 100 | . . . . . 100 . Destroy Structure 30 | . 1 . 15 14 . . Lose Combat Pursuer 45 | . 15 . 15 15 . . Influence Decreases 1527 | . 355 158 346 344 105 219 Entered New Map 293 | . . 37 12 . 25 219 Time Decay 992 | . 335 101 280 276 . . Lost Part 84 | . 20 . 54 10 . . Lost Ally 158 | . . 20 . 58 80 . Squads Dispatched 4 | . 3 . . 1 . . Investigation 3 | . 2 . . 1 . . Extermination . | . . . . . . . Reinforcement 1 | . 1 . . . . . Assault . | . . . . . . . Garrison . | . . . . . . . Intercept . | . . . . . . . Searches Triggered . | . . . . . . . Construction Impeded . | . . . . . . . Haulers Reinforced . | . . . . . . . Active Scanning Responses . | . . . . . . . Cargo Convoy Interrupts . | . . . . . . . Stealth | -11 -10 -10 -9 -9 -9 -8 --------- Run | Yrd Mat Min Mat Sto Gar Mat Distress Signals 2 | . . . . 2 . . Communications Jammed . | . . . . . . . Distress Signals . | . . . . . . . Times Spotted 64 | . 20 6 12 12 14 . Peak Tracking Total 7 | . 7 3 3 3 7 . Tactical Retreats 3 | . 1 . 1 1 . . Traps | -11 -10 -10 -9 -9 -9 -8 ------- Run | Yrd Mat Min Mat Sto Gar Mat Traps Triggered 5 | . 2 . 1 . 2 . Indirectly . | . . . . . . . Trap Hack Attempts . | . . . . . . . Triggered . | . . . . . . . Disarmed . | . . . . . . . Reprogrammed . | . . . . . . . Reused . | . . . . . . . Traps Extracted . | . . . . . . . Installed . | . . . . . . . Triggered . | . . . . . . . Machines | -11 -10 -10 -9 -9 -9 -8 ---------- Run | Yrd Mat Min Mat Sto Gar Mat Machines Disabled 3 | . . . 1 . 2 . Max in Single Turn 1 | . . . 1 . 1 . Garrison Relay 2 | . . . . . 2 . Machines Repaired . | . . . . . . . Machines Dismantled . | . . . . . . . Machines Sabotaged . | . . . . . . . Overloaded Fab Kills . | . . . . . . . Hacking | -11 -10 -10 -9 -9 -9 -8 --------- Run | Yrd Mat Min Mat Sto Gar Mat Machines Accessed 10 | . 5 . 2 3 . . Terminals 7 | . 3 . 2 2 . . Fabricators . | . . . . . . . Repair Stations . | . . . . . . . Recycling Units 2 | . 2 . . . . . Scanalyzers . | . . . . . . . Garrison Access 1 | . . . . 1 . . Total Hacks 23 | . 11 . 6 6 . . Successful 10 | . 5 . 3 2 . . Failed 12 | . 5 . 3 4 . . Catastrophic . | . . . . . . . Database Lockouts 1 | . 1 . . . . . Manual 16 | . 11 . 5 . . . Terminals 20 | . 9 . 6 5 . . Fabricators . | . . . . . . . Repair Stations . | . . . . . . . Recycling Units 2 | . 2 . . . . . Scanalyzers . | . . . . . . . Garrison Access 1 | . . . . 1 . . Terminal Hacks 5 | . 2 . 2 1 . . Robot Analysis 1 | . 1 . . . . . Prototype ID Bank 1 | . . . . 1 . . Branch Access Points 1 | . . . 1 . . . Recycling Unit Index 1 | . 1 . . . . . Zone Layout 1 | . . . 1 . . . Fabricator Hacks . | . . . . . . . Repair Station Hacks . | . . . . . . . Recycling Unit Hacks . | . . . . . . . Scanalyzer . | . . . . . . . Garrison Access Hacks 1 | . . . . 1 . . Unlock Access 1 | . . . . 1 . . Unauthorized Hacks 4 | . 3 . 1 . . . Terminals 2 | . 1 . 1 . . . Botnet 2 | . 1 . 1 . . . Fabricators . | . . . . . . . Repair Stations . | . . . . . . . Recycling Units 2 | . 2 . . . . . Tunnel 2 | . 2 . . . . . Scanalyzers . | . . . . . . . Garrison Access . | . . . . . . . Data Cores Recovered 1 | . . . 1 . . . Used . | . . . . . . . Hacking Detections 6 | . 3 . 1 2 . . Full Trace Events 1 | . . . . 1 . . Feedback Events . | . . . . . . . Feedback Blocked . | . . . . . . . Robot Schematics Acquired . | . . . . . . . Robots Built . | . . . . . . . Authchips . | . . . . . . . Time . | . . . . . . . Total Robot Build Rating . | . . . . . . . Part Schematics Acquired . | . . . . . . . Parts Built . | . . . . . . . Authchips . | . . . . . . . Time . | . . . . . . . Total Part Build Rating . | . . . . . . . Part Studies Acquired . | . . . . . . . Parts Repaired . | . . . . . . . Time . | . . . . . . . Parts Recycled . | . . . . . . . Recycled Matter . | . . . . . . . Retrieved Matter . | . . . . . . . Retrieved Components . | . . . . . . . Parts Scanalyzed . | . . . . . . . Part Schematics Acquired . | . . . . . . . Parts Damaged . | . . . . . . . Bothacking | -11 -10 -10 -9 -9 -9 -8 ------------ Run | Yrd Mat Min Mat Sto Gar Mat Used RIF Installer 1 | . . . . . 1 . Robots Hacked . | . . . . . . . Non-combat . | . . . . . . . Combat . | . . . . . . . Robot Hacks Applied . | . . . . . . . Relay Couplers Released 10 | . . . . . 10 . Machine Destruction 6 | . . . . . 6 . Programmers 4 | . . . . . 4 . Fabnet Peak Effective % . | . . . . . . . Robots Rewired . | . . . . . . . Allies Hacked . | . . . . . . . Hacks Repelled . | . . . . . . . Allies | -11 -10 -10 -9 -9 -9 -8 -------- Run | Yrd Mat Min Mat Sto Gar Mat Total Allies 12 | . . 2 . 10 . . Largest Group 10 | . . 2 . 10 7 . Highest-Rated Group 88 | . . 43 . 88 63 . Highest-Rated Ally 31 | . . 31 . 16 16 . Total Orders . | . . . . . . . Ally Attacks 87 | . . 8 . 26 53 . Total Damage 842 | . . 108 . 260 474 . Kills 11 | . . . . 5 6 . Allies Corrupted . | . . . . . . . Allies Melted . | . . . . . . . Intel | -11 -10 -10 -9 -9 -9 -8 ------- Run | Yrd Mat Min Mat Sto Gar Mat Active Infowar (turns) 3 | . . 2 1 . . . Sensors 3 | . . 2 1 . . . Robot Analysis Total 1 | . 1 . . . . . Derelict Logs Recovered 1 | . . 1 . . . . Drone Launches . | . . . . . . . Drone Recoveries . | . . . . . . . Exploration | -11 -10 -10 -9 -9 -9 -8 ------------- Run | Yrd Mat Min Mat Sto Gar Mat Turns Passed 4094 | 10 908 804 900 736 736 . Spaces Moved 1767 | 5 443 570 339 197 213 . Core . | . . . . . . . Treads 885 | 5 312 . 158 197 213 . Legs . | . . . . . . . Wheels 882 | . 131 570 181 . . . Hover . | . . . . . . . Flight . | . . . . . . . Fastest Speed 135 | 160 135 135 135 320 320 . Average Speed 198 | 160 152 135 221 320 320 . Slowest Speed 320 | 160 160 135 320 320 320 . Overloaded Moves . | . . . . . . . Propulsion Burnouts . | . . . . . . . Robots Hopped . | . . . . . . . Potential Cave-ins . | . . . . . . . Cave-ins Triggered . | . . . . . . . Exploration Rate (%) 43 | 2 70 95 35 49 50 1 Regions Visited 6 Branch Regions 2 Pre-discovered Areas 2 | . 2 . . . . . Known Exits Taken 2 | . . . 1 1 . . Unknown Exits Taken 3 | 1 1 1 . . . . Scrap Searched 1 | . . 1 . . . . Spaces Dug 4 | . . . 4 . . . Terrain Destroyed 25 | . . . 13 12 . . Melee 3 | . . . 3 . . . Projectile 3 | . . . 1 2 . . AOE 19 | . . . 9 10 . . Terrain Rammed . | . . . . . . . Walls Destroyed . | . . . . . . . Machines Disabled . | . . . . . . . Actions | -11 -10 -10 -9 -9 -9 -8 --------- Run | Yrd Mat Min Mat Sto Gar Mat Total 2113 | 6 560 588 430 286 243 . Wait 117 | . 30 5 15 62 5 . Move 1762 | 4 442 569 338 197 212 . Hop . | . . . . . . . Pick Up 40 | . 9 2 21 7 1 . Fast Attach 18 | . 9 2 1 3 3 . Attach 7 | . 1 . 6 . . . Detach 2 | . 1 1 . . . . Swap 19 | 2 3 . 9 4 1 . Drop 23 | . 4 1 8 5 5 . Fire 113 | . 61 8 24 8 12 . Melee 8 | . . . 8 . . . Ram . | . . . . . . . Kick . | . . . . . . . Crush . | . . . . . . . Escape Stasis 4 | . . . . . 4 . Rewire . | . . . . . . . Trap . | . . . . . . . Miscellaneous . | . . . . . . . Route ------- -11/Scrapyard -10/Materials (discovered 3 exits: *Mat x2 / [*Min]) -10/Mines (discovered 4 exits: *Mat x2 / [*Exi] / [*Sub]) -9/Materials (discovered 3 exits: [*Mat] / Min / *Sto) -9/Storage (discovered 2 exits: [*Mat] / Gar) -9/Garrison -8/Materials History --------- Turn | Location | Event 4 | -11/Scrapyard | Discovered new exit (range 3) 11 | -11/Scrapyard | Entered Materials 316 | -10/Materials | Build established: Mutant 776 | -10/Materials | Core integrity fell below 50% 823 | -10/Materials | Discovered new exit (range 13) 902 | -10/Materials | Discovered new exit (range 8) 905 | -10/Materials | Discovered new exit (range 13) 906 | -10/Materials | Central database locked down 919 | -10/Materials | Entered Mines 984 | -10/Mines | Found a damaged Exp. Sensor Array with a note attached 987 | -10/Mines | Found Prototype Device 987 | -10/Mines | Identified Exp. Sensor Array 1041 | -10/Mines | Discovered new exit (range 7) 1133 | -10/Mines | Discovered new exit (range 10) 1136 | -10/Mines | Received a Rocket Launcher from a helpful Derelict 1316 | -10/Mines | Learned location of 1 exit from Materials 1346 | -10/Mines | A weapon hastily lodged in a ceiling crevice suddenly fell to the ground 1546 | -10/Mines | Deemed a non-threat by the Exiles lab entrance 1546 | -10/Mines | Discovered new exit (range 5) 1659 | -10/Mines | Discovered new exit (range 10) 1723 | -10/Mines | Entered Materials 1723 | -9/Materials | Evolved 2 slots: Utility x1, Weapon x1 1724 | -9/Materials | Identified exit to Mines 1822 | -9/Materials | Identified exit to Storage 2111 | -9/Materials | Lost 3 parts (2n1w) 2469 | -9/Materials | Discovered new exit (range 16) 2576 | -9/Materials | Build established: Gunner 2623 | -9/Materials | Entered Storage 2992 | -9/Storage | Assisted by bots powering up and referring to "LRC-V3" 3202 | -9/Storage | Lost 3 allies 3227 | -9/Storage | Discovered new exit (range 16) 3293 | -9/Storage | Build established: Commander-Gunner 3353 | -9/Storage | Identified exit to Garrison 3359 | -9/Storage | Entered Garrison 3359 | -9/Garrison | Accompanied by 7 allies 3441 | -9/Garrison | Triggered checkpoint 3567 | -9/Garrison | P-60 Hacker assimilated allied Mercenary 2g 3610 | -9/Garrison | Lost 3 allies 3681 | -9/Garrison | Triggered checkpoint 3726 | -9/Garrison | Garrison Relay disabled 3751 | -9/Garrison | Triggered checkpoint 3785 | -9/Garrison | Installed Relay Interface Framework 3946 | -9/Garrison | Garrison Relay disabled 4042 | -9/Garrison | Discovered new exit (range 14) 4095 | -9/Garrison | Entered Materials 4095 | -8/Materials | Accompanied by 2 allies 4095 | -8/Materials | Evolved 2 slots: Weapon x2 4095 | -8/Materials | Self-destructed Last Messages --------------- relay unit. 03946_ Relay Coupler [Sentry] tumbles out of relay unit. 03952_ Dropped Med. Laser. 03953_ Acquired Relay Coupler [NC]. 04008_ Triggered Stasis Trap. 04008_ A bubble of rippling energy engulfs the area. 04008_ Field strength at 70. 04011_ Field strength at 40. 04012_ Field strength at 10. 04013_ Stasis field depleted. 04042_ EXIT=FOUND 04046_ KY6VD|>P6P 0BL7X5Q%6 04095_ Attempting to access garrison exit controls... RIF authorized. PARAMETERS=WEAPON+2 LOCATION=UNKNOWN GOAL=ESCAPE Map ----- +----------------------------------------------------+ | ???????????????????????????????????? | | ???????????????????????????????????? | | ???????????????????????????????????? | | ???????????????????????????????????? | | ???????????????????????????????????? | | ???????????????????????????????????? | | ???????????????????????????????????? | | ???????????????????????????????????? | | ???????????????????????????????????? | | ???????????????????????????????????? | | ??????????????????????? ????????? | | ??????????????????????? ????????? | | ??????????????????????? ????????? | | ??????????????????????? #???????? | | ??????????????????????? +???????? | | ?????????????????????### #???????? | | ?????????????????????? #???????? | | ?????????????????????? #???????? | | ?????????????????????? #???????? | | ??????????????????????? #???????? | | ??????????????????????? #???????? | | ???????????????????????#g #???????? | | ???????????????????????# #???????? | | ???????????????????????# ####????? | | ???????????????????????# !#????? | | ???????????????????????#g@ !#???? | | ???????????????????????# !#???? | | ???????????????????????##### !#???? | | ????????????????????????????? !#???? | | ??????????????????????????????##???? | | ???????????????????????????????????? | | ???????????????????????????????????? | | ???????????????????????????????????? | | ???????????????????????????????????? | | | | | | | | | | | | | | | | | | | | | | | | | | | | | | | | | +----------------------------------------------------+ Best States ------------- Heat Dissipation 42 Energy Generation 14 Energy Capacity 280 Matter Stores 300 Matter Capacity 300 Sight Range 16 Terrain Scan Density 10 Evasion (%) 40 Targeting Accuracy 5 Recoil Reduction 2 Item Schematics ----------------- None Robot Schematics ------------------ None Fabricated ------------ Nothing Repaired ---------- Nothing Studied --------- None Alien Tech Used ----------------- None Achievements -------------- None Challenges ------------ None Game ------ Seed AblativeGammaFlail Manual? 0 Play Time 00:15:56 Cumulative 417.0 hours Start 2026.09.16 @ 01:52:51 End 2026.09.16 @ 02:08:50 Sessions 1 Manual Loads 0 Difficulty Rogue Special Mode None Game No. 365 Rogue 311 Adventurer 54 Explorer 0 Win Type - Total 25 Types 15/2/1/1/1/1/1/1/1/1 Lore% 83 Gallery% 71 Achievement% 72 Wizard Run 0 Options --------- Layout 1 ASCII 0 Keyboard 0 Movement Mouse Keybinds 1 Fullscreen 2 Font 32/Tamsyn Map View 50x35 Zoom Use 0% Tactical HUD 1 Map Filters NONE Filters NONE Steam 1 RUN: 877697b7-2975-41ef-9c65-9011bc408138